 Dungeon Crawl Stone Soup version 0.18-a0-1186-gd02dc51 (webtiles) character file.

194160 George the Fencer (level 18, 0/163 HPs)
             Began as a Minotaur Fighter on Jan 28, 2016.
             Was the Champion of the Shining One.
             Slain by an emperor scorpion (13 damage)
             ... on level 4 of the Spider Nest.
             The game lasted 01:13:29 (26385 turns).

George the Fencer (Minotaur Fighter)               Turns: 26385, Time: 01:13:30

Health: 0/163      AC: 30    Str: 25    XL:     18   Next: 9%
Magic:  9/26       EV: 11    Int:  5    God:    the Shining One [******]
Gold:   2663       SH: 31    Dex: 14    Spells: 0 memorised, 17 levels left

rFire  + . .     SeeInvis .     J - +9 double sword (slice)
rCold  + . .     Gourm    .     h - +1 crystal plate armour {rC+}
rNeg   + + +     Faith    .     c - +1 shield
rPois  +         Spirit   .     u - +1 hat
rElec  .         Dismiss  .     H - +0 cloak of Halasmil {rPois MR- Regen+ rCorr}
rCorr  +         Reflect  +     V - +0 pair of gloves {rC+}
SustAt .         Harm     .     (no boots)
MR     +....                    e - +4 amulet of reflection
Stlth  ..........               F - ring of protection from magic
                                v - ring of fire

@: lethally poisoned (0 -> 0), divine shield, glowing, somewhat resistant to
hostile enchantments, extremely unstealthy
A: retaliatory headbutt, horns 2
a: Divine Shield, Cleansing Flame, Summon Divine Warrior, Brand Weapon With Holy
Wrath, Renounce Religion


You were on level 4 of the Spider Nest.
You worshipped the Shining One.
The Shining One was exalted by your worship.
You were hungry.

You visited 5 branches of the dungeon, and saw 30 of its levels.
You also visited: Labyrinth, Ossuary, Bailey and Ice Cave.

You collected 2957 gold pieces.
You spent 294 gold pieces at shops.

Inventory:

Hand Weapons
 m - a +1 triple sword of freezing
 J - a +9 double sword of slicing (weapon)
 U - a +4 scimitar of flaming
Missiles
 X - 76 tomahawks of returning (quivered)
Armour
 c - a +1 shield (worn)
 h - a +1 crystal plate armour of cold resistance (worn)
 u - a +1 hat (worn)
 H - the +0 cloak of Halasmil (worn) {rPois MR- Regen+ rCorr}
   (You bought it in a shop on level 6 of the Dungeon)

   It protects you from poison.
   It affects your resistance to hostile enchantments.
   It increases your rate of regeneration.
   It protects you from acid and corrosion.
 V - a +0 pair of gloves of cold resistance (worn)
Jewellery
 e - a +4 amulet of reflection (around neck)
 j - the ring "Cokeifos" {Ice MR+}
   (You found it in an ice cave)

   [ring of ice]

   It enhances your ice magic, and weakens your fire magic.
   It makes you vulnerable to fire.
   It protects you from cold.
   It affects your resistance to hostile enchantments.
 v - a ring of fire (left hand)
 F - a ring of protection from magic (right hand)
 Z - an uncursed ring of protection from cold
Wands
 a - a wand of fireball (10/15)
 p - a wand of cold (3/15)
 y - a wand of hasting (1/9)
 z - a wand of teleportation (1/9)
 D - a wand of digging (12/24)
 O - a wand of cold (0/15)
Scrolls
 g - a scroll of magic mapping
 k - 8 scrolls of enchant weapon
 n - 5 scrolls of recharging
 o - 12 scrolls of remove curse
 w - 5 scrolls of blinking
 B - 10 scrolls of teleportation
 C - a scroll of silence
 K - 2 scrolls of fog
 M - 12 scrolls of identify
 N - a scroll of summoning
 Q - a scroll of fear
 S - a scroll of acquirement
 Y - 4 scrolls of enchant armour
Potions
 b - a potion of resistance
 d - 4 potions of might
 i - 23 potions of curing
 l - 5 potions of haste
 A - 2 potions of agility
 G - 4 potions of cure mutation
 I - 4 potions of flight
 L - a potion of cancellation
 P - 11 potions of heal wounds
 T - 7 potions of berserk rage
 W - 2 potions of magic
Miscellaneous
 q - a fan of gales
 s - a disc of storms
Comestibles
 f - 14 bread rations
 r - 9 slices of pizza
 t - 12 meat rations
 x - a chunk of flesh
 E - 19 fruits
 R - 5 royal jellies


   Skills:
 + Level 15.2 Fighting
 + Level 18.1 Long Blades
 + Level 16.6 Armour
 + Level 12.5 Dodging
 + Level 15.1 Shields
 + Level 12.7 Invocations


You had 17 spell levels left.
You didn't know any spells.

Dungeon Overview and Level Annotations

Branches:
Dungeon (15/15)            Temple (1/1) D:5            Lair (8/8) D:9
  Swamp (0/4) Lair:6       Spider (4/4) Lair:4        Slime (0/6) Lair:7
    Orc (2/2) D:10            Elf (0/3) Orc:2        Vaults (0/5) D:13
 Depths (0/5) D:15

Altars:
Ashenzari
Cheibriados
Dithmenos
Elyvilon
Fedhas
Gozag
Kikubaaqudgha
Makhleb
Nemelex Xobeh
Okawaru
Pakellas
Qazlal
Ru
Sif Muna
Trog
Vehumet
Xom
Yredelemnul
Zin
The Shining One
Beogh

Shops:
D:6 *   Orc:2 ([*(*


Innate Abilities, Weirdness & Mutations

You reflexively headbutt those who attack you in melee.
You have a pair of horns on your head.


Message History

The emperor scorpion claws you but does no damage.
The emperor scorpion claws you.
* * * LOW HITPOINT WARNING * * *
You block the emperor scorpion's attack.
The emperor scorpion claws you.
* * * LOW HITPOINT WARNING * * *
The emperor scorpion claws you!
* * * LOW HITPOINT WARNING * * *
Drink which item? (? for menu, Esc to quit)
You feel much better.
You feel sick.
You block the emperor scorpion's attack. x3
You are momentarily dazzled by a brilliant light.
You feel somewhat more hungry.
You feel sick.
You block the emperor scorpion's attack.
The emperor scorpion claws you but does no damage.
You block the emperor scorpion's attack.
The emperor scorpion stings you!!
* * * LOW HITPOINT WARNING * * *
The emperor scorpion claws you!
You die...

##......#..# #..##..##
#^...)....####..^.....
#........## #(.#......
#...###### ##....##..
###..##.#### #...##...
#..^†...#.########...
##..?........## #...#
#########.#..<..#
##.^#
#...A.@sss...≈..#.(###
#.#######....≈.≈^..
#.# #.....≈##≈# .^ #.#
##.≈s.### # .. #.#
#....####### .. #(#
#..y.s##...## # #^#
#.#≈..#.≈≈≈≈#### #.#
##.##≈†††......# #.#
#..##......s...##


You could see 2 emperor scorpions, a tarantella and a friendly angel.

Vanquished Creatures
  Norris (Spider:3)
  Arachne (Spider:3)
  Asterion (Spider:3)
  Gastronok (D:8)
  Kirke (Lair:8)
  2 orc warlords (Orc:2)
  A ghost moth (Spider:4)
  Maud (Lair:4)
  The ghost of DsMo the Archer, a journeyman DsMo of Okawaru (D:12)
  6 emperor scorpions
  A very ugly thing (D:14)
  A salamander stormcaller (D:15)
  Azrael (D:12)
  A dire elephant (D:15)
  Snorg (Lair:4)
  The ghost of crawlian the Grappler, a journeyman TrMo of Pakellas (D:12)
  A fire dragon (Lair:8)
  A minotaur (Lab)
  2 vault guards (D:13)
  9 hydras
  An entropy weaver (Spider:2)
  3 centaur warriors
  2 catoblepae
  11 death yaks
  A tengu warrior (D:14)
  An orc high priest (Orc:2)
  Sonja (D:10)
  Nergalle (D:12)
  A fire crab (Lair:6)
  7 hill giants
  The ghost of Uberwunderbarhen the Ducker, a novice OpTm (Bailey)
  4 wizards
  Pikel (D:5)
  A swamp dragon (Lair:6)
  A necromancer (D:13)
  3 orc knights
  A deep elf mage (D:12)
  A wolf spider zombie (D:14)
  21 wolf spiders
  9 orb spiders
  2 griffons
  2 cyclopes
  14 ugly things
  A hornet (Spider:2)
  5 orc sorcerers (Orc:2)
  An oklob plant (Lair:6)
  A salamander (D:15)
  19 elephants
  A moth of wrath (Spider:4)
  3 manticores
  6 slime creatures
  2 centaur zombies
  4 black mambas
  Joseph (D:10)
  Maurice (D:8)
  Psyche (D:8)
  2 gargoyles
  16 spiny frogs
  2 ice statues (IceCv)
  2 torpor snails
  A komodo dragon (shapeshifter) (D:14)
  6 centaur skeletons
  A yaktaur (D:13)
  10 komodo dragons
  An efreet (D:15)
  10 demonic crawlers
  11 ice devils (IceCv)
  5 fire drakes
  A tengu conjurer (D:14)
  2 two-headed ogres
  5 trolls
  30 jumping spiders
  34 blink frogs
  A wolf spider simulacrum (D:15)
  A boulder beetle (Spider:1)
  The ghost of YrmMerkstave the Cudgeler, an amateur OgBe of Trog (D:3)
  3 shadows
  4 wyverns
  52 redbacks
  17 tarantellas
  A wraith (D:12)
  57 yaks
  A hog (shapeshifter) (D:14)
  A yak (shapeshifter) (D:14)
  6 basilisks
  2 hungry ghosts
  20 humans (D:13)
  4 fire elementals (D:12)
  3 hogs (Lair:8)
  14 vampire mosquitoes
  4 steam dragons
  8 wargs
  12 hippogriffs
  A mottled dragon (Lair:8)
  10 wolves (Lair:8)
  An insubstantial wisp (Lair:4)
  A hell hound (D:12)
  24 water moccasins
  9 porcupines
  24 orc warriors
  4 ice beasts
  2 swamp drakes
  A black bear (D:12)
  A sky beast (D:6)
  3 slaves (D:5)
  9 ogres
  2 wasps
  12 centaurs
  28 crocodiles
  2 big kobolds
  21 giant frogs
  2 elf zombies (Ossuary)
  A gnoll sergeant (D:9)
  7 scorpions
  2 wyvern skeletons (D:14)
  12 killer bees
  4 wights
  4 electric eels
  A troll skeleton (D:13)
  2 spriggan skeletons (D:13)
  3 jellies
  A giant frog zombie (D:12)
  9 crimson imps
  6 hounds
  A wasp zombie (D:6)
  23 orc priests
  A human zombie (Ossuary)
  A giant frog skeleton (D:5)
  14 iguanas
  29 orc wizards
  Natasha (D:4)
  18 worker ants
  23 sheep
  2 big kobold zombies (Ossuary)
  4 hound zombies
  3 mummies (Ossuary)
  2 worker ant zombies
  21 gnolls
  37 river rats
  12 adders
  4 shadow imps
  19 white imps
  7 ufetubi (IceCv)
  4 adder zombies
  An adder skeleton (D:4)
  7 giant geckos
  103 orcs
  8 bats
  3 giant cockroaches
  11 goblins
  16 hobgoblins
  6 jackals
  2 quokkas
  2 ball pythons
  13 giant newts
  A gnoll zombie (Ossuary)
  4 goblin zombies (Ossuary)
  4 hobgoblin zombies (Ossuary)
  2 jackal zombies (Ossuary)
  19 kobolds
  5 kobold zombies (Ossuary)
  5 quokka zombies (Ossuary)
  5 rats
  4 rat zombies (Ossuary)
  2 plants (Lair:8)
1180 creatures vanquished.

Vanquished Creatures (collateral kills)
  A hill giant (D:14)
1 creature vanquished.

Vanquished Creatures (others)
  Nessos (D:12)
  A cyclops (D:13)
  A human (Lair:8)
  5 centaurs
  A crocodile (D:12)
  2 white imps (IceCv)
  An ufetubus (IceCv)
  A giant gecko (D:12)
  An orc (Orc:2)
  3 kobolds (Bailey)
  A giant newt (Lair:6)
  7 fungi
  19 plants
44 creatures vanquished.

Grand Total: 1225 creatures vanquished

Notes
Turn   | Place    | Note
--------------------------------------------------------------
     0 | D:1      | George the Minotaur Fighter began the quest for the Orb.
     0 | D:1      | Reached XP level 1. HP: 19/19 MP: 0/0
   516 | D:1      | Reached XP level 2. HP: 19/26 MP: 1/1
  1013 | D:2      | Reached skill level 4 in Long Blades
  1017 | D:2      | Reached XP level 3. HP: 21/31 MP: 2/2
  1453 | D:2      | Found a stormy altar of Qazlal.
  1500 | D:2      | Found a burning altar of Makhleb.
  1505 | D:2      | Reached skill level 5 in Long Blades
  1505 | D:2      | Reached XP level 4. HP: 39/39 MP: 3/3
  1860 | D:3      | Noticed YrmMerkstave's ghost (amateur OgBe)
  1901 | D:3      | Killed YrmMerkstave's ghost
  1901 | D:3      | Reached skill level 7 in Long Blades
  1901 | D:3      | Reached XP level 5. HP: 8/45 MP: 4/4
  2582 | D:3      | You fall through a shaft!
  2666 | D:4      | Found a sparkling altar of Nemelex Xobeh.
  2674 | D:4      | Reached XP level 6. HP: 47/51 MP: 5/5
  2708 | D:4      | Reached skill level 8 in Long Blades
  2856 | D:4      | Noticed Natasha
  2862 | D:4      | Killed Natasha
  3100 | D:4      | Reached skill level 9 in Long Blades
  3253 | D:4      | Reached XP level 7. HP: 35/57 MP: 6/6
  3299 | D:5      | Entered Level 5 of the Dungeon
  3299 | D:5      | Found a blossoming altar of Fedhas.
  3681 | D:5      | Noticed Pikel
  3694 | D:5      | Reached skill level 10 in Long Blades
  3733 | D:5      | Killed Pikel
  3733 | D:5      | Reached skill level 11 in Long Blades
  3733 | D:5      | Reached XP level 8. HP: 34/64 MP: 7/7
  4204 | D:5      | Found a snail-covered altar of Cheibriados.
  4265 | D:5      | Found a staircase to the Ecumenical Temple.
  4272 | Temple   | Entered the Ecumenical Temple
  4311 | Temple   | Became a worshipper of the Shining One
  4592 | D:5      | Reached skill level 1 in Invocations
  4796 | D:6      | Found a glowing silver altar of Zin.
  4825 | D:6      | Reached skill level 12 in Long Blades
  5295 | D:6      | Found a white marble altar of Elyvilon.
  5444 | D:6      | Found Canialem's Commerce Corner.
  5452 | D:6      | Bought the cursed +0 cloak of Halasmil {rPois MR- Regen+ rCorr} for 169 gold pieces
  5559 | D:6      | Reached skill level 5 in Fighting
  5884 | D:7      | You fall through a shaft!
  5886 | D:8      | Reached skill level 5 in Armour
  5886 | D:8      | Reached XP level 9. HP: 71/74 MP: 8/10
  5889 | D:8      | Found a sand-covered staircase.
  5907 | Ossuary  | Entered an ossuary
  5914 | Ossuary  | Reached * piety under the Shining One
  5954 | Ossuary  | Reached ** piety under the Shining One
  5998 | Ossuary  | Reached skill level 5 in Shields
  6011 | Ossuary  | Reached *** piety under the Shining One
  6697 | D:8      | Reached **** piety under the Shining One
  6800 | D:8      | Noticed Maurice
  6810 | D:8      | Killed Maurice
  6811 | D:8      | Found a basalt altar of Yredelemnul.
  6837 | D:8      | Got a translucent ring mail
  6848 | D:8      | Identified the +7 ring mail "Tanim" {Dex+3} (You took it off a gnoll on level 8 of the Dungeon)
  6895 | D:8      | Noticed Gastronok
  6899 | D:8      | Noticed Psyche
  6909 | D:8      | Killed Gastronok
  6909 | D:8      | Reached skill level 5 in Invocations
  6909 | D:8      | Reached XP level 10. HP: 44/86 MP: 12/12
  6916 | D:8      | Killed Psyche
  6916 | D:8      | Reached skill level 13 in Long Blades
  7425 | D:9      | Found a staircase to the Lair.
  7480 | D:9      | Found a flagged portal.
  7487 | Bailey   | Entered a bailey
  7488 | Bailey   | Noticed Uberwunderbarhen's ghost (novice OpTm)
  7503 | Bailey   | Killed Uberwunderbarhen's ghost
  7601 | Bailey   | Noticed an orc knight
  7701 | Bailey   | Killed an orc knight
  7937 | D:9      | Found an opulent altar of Gozag.
  7973 | D:9      | Found a radiant altar of Vehumet.
  7975 | D:9      | Found a deep blue altar of Sif Muna.
  7975 | D:9      | Found an ancient bone altar of Kikubaaqudgha.
  7980 | D:9      | Identified Kikubaaqudgha's Handbook of Evil
  7988 | D:9      | Identified Vehumet's Tome of Confrontation
  7996 | D:9      | Identified Sif Muna's Handbook of Curses
  8322 | D:9      | Reached skill level 1 in Dodging
  8419 | D:9      | Found a sacrificial altar of Ru.
  8506 | D:10     | Entered Level 10 of the Dungeon
  8600 | D:10     | Noticed Sonja
  8612 | D:10     | Killed Sonja
  8612 | D:10     | Reached XP level 11. HP: 95/95 MP: 14/14
  8632 | D:10     | Noticed a hill giant
  8642 | D:10     | Killed a hill giant
  8723 | D:10     | Noticed Joseph
  8772 | D:10     | Killed Joseph
  8880 | D:10     | Identified a scroll of acquirement
  8912 | D:10     | Found a staircase to the Orcish Mines.
  9434 | D:11     | Noticed a purple ugly thing
  9442 | D:11     | Killed a purple ugly thing
  9626 | D:12     | Reached ***** piety under the Shining One
  9635 | D:12     | Found a labyrinth entrance.
  9650 | D:12     | Noticed DsMo's ghost (journeyman DsMo)
  9661 | D:12     | Noticed a hill giant
  9678 | Lab      | Entered a labyrinth
  9879 | Lab      | Noticed a minotaur
  9885 | Lab      | Killed a minotaur
  9887 | Lab      | Got a serpentine jade amulet
  9935 | D:12     | Killed a hill giant
  9958 | D:12     | Noticed Nessos
  9965 | D:12     | Killed Nessos
 10062 | D:12     | Noticed crawlian's ghost (journeyman TrMo)
 10076 | D:12     | Killed crawlian's ghost
 10103 | D:12     | Killed DsMo's ghost
 10103 | D:12     | Reached skill level 14 in Long Blades
 10147 | D:12     | Noticed a hill giant
 10164 | D:12     | Killed a hill giant
 10164 | D:12     | Reached XP level 12. HP: 44/106 MP: 16/16
 10339 | D:12     | Reached skill level 5 in Dodging
 10347 | D:12     | Identified the amulet "Firutah" {MPRegen rPois rC- rN+++} (You took it off a minotaur in a labyrinth)
 10411 | D:12     | Noticed Nergalle
 10424 | D:12     | Killed Nergalle
 10424 | D:12     | Reached skill level 10 in Fighting
 10642 | D:12     | Noticed an eight-headed hydra
 10749 | D:11     | Killed an eight-headed hydra
 10914 | D:12     | Noticed Azrael
 10930 | D:12     | Reached skill level 10 in Armour
 10937 | D:12     | Killed Azrael
 10937 | D:12     | Reached skill level 10 in Shields
 11322 | D:13     | Got a warped cloak
 11427 | D:13     | Identified the +2 cloak of Objectivity {*Corrode *Drain rElec Int+4 Dex+2} (You found it on level 13 of the Dungeon)
 11729 | D:13     | Noticed a vault guard
 11753 | D:13     | Killed a vault guard
 11757 | D:13     | Reached XP level 13. HP: 115/115 MP: 18/18
 11780 | D:13     | Noticed a vault guard
 11791 | D:13     | Killed a vault guard
 11808 | D:13     | Found a gate to the Vaults.
 12142 | D:13     | Reached skill level 15 in Long Blades
 12810 | D:14     | Noticed a cyan very ugly thing
 12823 | D:14     | Killed a cyan very ugly thing
 13325 | D:14     | Reached XP level 14. HP: 124/126 MP: 20/20
 13560 | D:15     | Entered Level 15 of the Dungeon
 13600 | D:15     | Reached skill level 10 in Invocations
 13749 | D:15     | Noticed a salamander stormcaller
 13758 | D:15     | Killed a salamander stormcaller
 13799 | D:15     | Found a frozen archway.
 13800 | D:15     | Reached ****** piety under the Shining One
 13825 | IceCv    | Entered an ice cave
 14133 | IceCv    | Got a twitching bronze ring
 14287 | D:15     | Reached skill level 16 in Long Blades
 14358 | D:15     | Reached XP level 15. HP: 134/134 MP: 21/21
 14361 | D:15     | Identified the ring "Cokeifos" {Ice MR+} (You found it in an ice cave)
 14809 | D:15     | Found a staircase to the Depths.
 15153 | Lair:1   | Entered Level 1 of the Lair of Beasts
 16223 | Lair:2   | Found a sacrificial altar of Ru.
 17437 | Lair:4   | Noticed Snorg
 17439 | Lair:4   | Noticed Maud
 17448 | Lair:4   | Killed Snorg
 17453 | Lair:4   | Killed Maud
 17877 | Lair:4   | Found a hole to the Spider Nest.
 17931 | Lair:4   | Reached XP level 16. HP: 143/143 MP: 23/23
 18512 | Lair:5   | Reached skill level 10 in Dodging
 19169 | Lair:6   | Found a staircase to the Swamp.
 19225 | Lair:6   | Reached skill level 15 in Armour
 19913 | Lair:7   | Found a staircase to the Slime Pits.
 20965 | Lair:8   | Entered Level 8 of the Lair of Beasts
 20977 | Lair:8   | Reached skill level 17 in Long Blades
 21890 | Lair:8   | Noticed Kirke
 21899 | Lair:8   | Killed Kirke
 22307 | Orc:1    | Entered Level 1 of the Orcish Mines
 22325 | Orc:1    | Reached XP level 17. HP: 133/152 MP: 24/24
 22520 | Orc:2    | Entered Level 2 of the Orcish Mines
 22520 | Orc:2    | Found Odoleph's General Store.
 22642 | Orc:2    | Paralysed by an orc sorcerer for 6 turns
 22857 | Orc:2    | Found a roughly hewn altar of Beogh.
 22858 | Orc:2    | Found a staircase to the Elven Halls.
 22869 | Orc:2    | Found Suceecen's Antique Weapon Boutique.
 22960 | Orc:2    | Found a roughly hewn altar of Beogh.
 23033 | Orc:2    | Found a roughly hewn altar of Beogh.
 23070 | Orc:2    | Found a roughly hewn altar of Beogh.
 23364 | Orc:2    | Paralysed by an orc sorcerer for 4 turns
 23444 | Orc:2    | Found Zagu's Antique Weapon Boutique.
 23451 | Orc:2    | Found Bearcha's Antique Armour Shop.
 23452 | Orc:2    | Found a roughly hewn altar of Beogh.
 23590 | Orc:2    | Found a roughly hewn altar of Beogh.
 23591 | Orc:2    | Found Axirgh's Assorted Antiques.
 23632 | Orc:2    | Bought a dented bone amulet for 125 gold pieces
 24081 | Spider:1 | Entered Level 1 of the Spider Nest
 24956 | Spider:3 | Noticed Arachne
 24979 | Spider:3 | Killed Arachne
 25296 | Spider:3 | Noticed Asterion
 25310 | Spider:3 | Killed Asterion
 25438 | Spider:3 | Noticed Norris
 25459 | Spider:3 | Killed Norris
 25725 | Spider:4 | Entered Level 4 of the Spider Nest
 25848 | Spider:4 | Reached skill level 18 in Long Blades
 25886 | Spider:4 | Reached skill level 15 in Fighting
 26098 | Spider:4 | Reached skill level 15 in Shields
 26228 | Spider:4 | Reached XP level 18. HP: 163/163 MP: 26/26
 26383 | Spider:4 | HP: 3/163 [emperor scorpion (12)]
 26385 | Spider:4 | Slain by an emperor scorpion

Vault maps used:
D:1:      dpeg_arrival_windows_large_door, kennysheep_pointless_box
D:2:      old_standard_altar, makhleb_grotto_becter
D:4:      lemuel_crystal_altar, uniq_natasha
D:5:      lemuel_doored_altar, fedhas_bush_and_centaur_altar,
          minmay_temple_entry_statues_pillars, first_bread, uniq_pikel
D:6:      nicolae_overflow_hidden_temple, nicolae_overflow_crystal_walls,
          glass_columns_a, nicolae_alphabet_shops
D:8:      overflow_temple_1_default, nicolae_ossuary_entry_monument,
          uniq_maurice, uniq_gastronok, uniq_psyche
D:9:      grunt_temple_overflow_magic_moments, nicolae_ru_path_of_blood,
          basic_altar, enter_bailey_3, kennysheep_generic_room_16
D:10:     orc_0_dummy, uniq_joseph, uniq_sonja
D:12:     lemuel_reptile_caves, lab_entry_generic, uniq_azrael, uniq_nessos,
          uniq_nergalle
D:13:     grunt_vaults_entry_tiered, serial_glass, glass_columns_a,
          glass_columns_b, glass_columns_a, glass_columns_b,
          hangedman_tell_no_tales
D:14:     cheibrodos_breeding_chamber, serial_park_square2
D:15:     hangedman_depths_entry_try_elsewhere_first, portal_ice_cave_entry_imps
Temple:   minmay_temple_bridge_a_8
Lair:2:   basic_altar
Lair:4:   nicolae_spider_entry_tight_spaces, serial_bayou_pond_c, pond,
          grunt_megastairs_5, serial_bayou_shore_a, uniq_maud, uniq_snorg
Lair:5:   lemuel_fruit_tree
Lair:6:   minmay_swamp_entry_reptiles, serial_bayou_pond_b, st_stairs_6
Lair:7:   minmay_slime_entry_pillars, patterned_corridor,
          bh_autumn_forest_stairs
Lair:8:   guppyfry_lair_end_dragon, grunt_megastairs_2, uniq_kirke
Spider:3: uniq_arachne, uniq_norris, uniq_asterion
Spider:4: grunt_spider_rune_circles
Orc:2:    grunt_orc_community_town_hall, grunt_orc_community_big_house_1,
          grunt_orc_community_big_house_1, grunt_orc_community_house_2,
          grunt_orc_community_house_1, grunt_orc_community_house_3,
          grunt_orc_community_house_1, serial_shops, shop, nooodl_orcs_dogs
Lab:      labyrinth_spiral, lab_block, nicolae_lab_x, labyrinth_glass_1,
          nicolae_lab_blocks, nicolae_lab_quarters, nicolae_lab_dead_end,
          labyrinth_skeletal_remains, nicolae_lab_big_swirl, nicolae_lab_swirl,
          nicolae_lab_grate_2, nicolae_lab_t_cross
Ossuary:  minmay_ossuary_two_tombs
Bailey:   bailey_axe_2, bailey
IceCv:    ice_cave_small_demon

Action                   |  1- 3 |  4- 6 |  7- 9 | 10-12 | 13-15 | 16-18 || total
-------------------------+-------+-------+-------+-------+-------+-------++-------
Melee: Long sword        |    63 |   126 |   364 |   249 |       |       ||   802
       Double sword      |       |       |       |   286 |   682 |  1264 ||  2232
       Short sword       |       |       |       |     5 |       |       ||     5
       Scimitar          |       |       |       |       |    25 |    20 ||    45
Invok: Divine Shield     |       |       |       |     1 |       |     1 ||     2
       Cleansing Flame   |       |       |       |     1 |       |       ||     1
       Summon Divine War |       |       |       |       |       |     1 ||     1
Evoke: Wand              |       |       |       |    12 |       |       ||    12
  Use: Scroll            |       |       |    19 |    17 |     5 |     2 ||    43
       Potion            |       |       |       |       |     1 |     1 ||     2
  Eat: Chunk             |     1 |     5 |    10 |    16 |    20 |    28 ||    80
       Pizza             |       |     1 |       |       |       |       ||     1
       Royal jelly       |       |       |     1 |       |       |       ||     1
